 Dungeon Crawl Stone Soup version 0.30-a0-782-ge64f9170bb (webtiles) character file.

Game seed: 13687002794827816578

4478 Leeroy the Carver (level 10, 0/45 HPs)
             Began as a Vine Stalker Warper on Mar 8, 2023.
             Was a Believer of Uskayaw.
             Slain by an orc warrior
             ... wielding a +0 glaive
              (22 damage)
             ... in a bailey.
             The game lasted 00:15:03 (7498 turns).

Leeroy the Carver (Vine Stalker Warper)             Turns: 7498, Time: 00:15:04

Health: 0/45       AC:  5    Str: 15    XL:     10   Next: 38%
Magic:  0/20       EV: 14    Int: 13    God:    Uskayaw [**....]
Gold:   258        SH:  0    Dex: 17    Spells: 8/21 levels left

rFire   . . .      SeeInvis .    A - +3 short sword (elec)
rCold   . . .      Faith    .    (no shield)
rNeg    + . .      Spirit   +    b - +0 leather armour
rPois   +          Reflect  .    x - +0 helmet
rElec   .          Harm     .    (no cloak)
rCorr   .          Rampage  .    h - +0 pair of gloves
Will    +....                    (no boots)
Stlth   +++                      (no amulet)
HPRegen 1.07/turn                o - ring of positive energy
MPRegen 0.17/turn                y - ring of poison resistance

@: no status effects
A: fangs 3, regeneration 1, magic shield, antimagic bite, no potion heal 2,
hooves 1, frail 1
a: Renounce Religion, Stomp, Line Pass


You were in a bailey.
You worshipped Uskayaw.
Uskayaw was noncommittal.
You visited 2 branches of the dungeon, and saw 8 of its levels.
You also visited: Bailey.

You collected 414 gold pieces.
You spent 156 gold pieces at shops.

Inventory:

Hand Weapons
 a - a +0 falchion
 r - a +1 dagger of venom
 A - a +3 short sword of electrocution (weapon)
 G - a +0 long sword
 I - a +1 dagger of venom
 N - a +2 dagger
 O - a +4 falchion of freezing
Missiles
 d - 7 boomerangs of dispersal (quivered)
 g - 9 boomerangs
 C - 11 poisoned darts
 H - 14 javelins
Armour
 b - a +0 leather armour (worn)
 h - a +0 pair of gloves (worn)
 x - a +0 helmet (worn)
 P - a +0 robe of willpower
Magical Staves
 j - a staff of cold
 K - a staff of air
 L - a staff of cold
Jewellery
 o - a ring of positive energy (left hand)
 w - a ring of positive energy
 y - a ring of poison resistance (right hand)
Wands
 u - a wand of flame (15)
Scrolls
 c - a scroll of blinking
 e - 3 scrolls of identify
 m - a scroll of magic mapping
 q - a scroll of fear
 s - 2 scrolls of enchant armour
 D - 2 scrolls of enchant weapon
 E - a scroll of noise {unknown}
 J - 2 scrolls of fog {unknown}
Potions
 f - 3 potions of curing {unknown}
 i - a potion of invisibility {unknown}
 k - a potion of mutation
 l - 4 potions of degeneration {unknown}
 n - a potion of brilliance {unknown}
 p - a potion of berserk rage {unknown}
 t - 2 potions of flight {unknown}
 v - a potion of lignification {unknown}
 z - a potion of might {unknown}
 B - a potion of resistance {unknown}
 F - a potion of ambrosia {unknown}
 M - a potion of cancellation {unknown}


   Skills:
 - Level 4.3 Fighting
 - Level 8.4 Long Blades
 - Level 0.8 Throwing
 - Level 0.7 Armour
 - Level 5.2 Dodging
 - Level 6.1 Stealth
 - Level 6.4 Spellcasting
 - Level 3.0 Translocations
 - Level 3.3 Ice Magic
 + Level 3.2 Air Magic


You had 8 spell levels left.
You knew the following spells:

 Your Spells              Type           Power      Damage    Failure   Level
a - Blink                 Tloc           22%        N/A       9%          2
b - Vhi's Electric Charg  Tloc/Air       24%        N/A       17%         3
c - Passwall              Tmut/Erth      3%         N/A       30%         2
d - Ozocubu's Armour      Ice            12%        N/A       16%         3
e - Dazzling Flash        Conj/Hex       8%         N/A       52%         3

Your spell library contained the following spells:

 Spells                   Type           Power      Damage    Failure   Level
 Lesser Beckoning         Tloc           22%        N/A       9%          2
 Ensorcelled Hibernation  Hex/Ice        16%        N/A       16%         2
 Swiftness                Air            12%        N/A       16%         3
 Teleport Other           Tloc           11%        N/A       17%         3
 Kiss of Death            Conj/Necr      16%        2d6       21%         1
 Summon Small Mammal      Summ           16%        N/A       21%         1
 Manifold Assault         Tloc           11%        N/A       50%         4
 Call Canine Familiar     Summ           4%         N/A       52%         3
 Confusing Touch          Hex            4%         N/A       52%         3
 Summon Guardian Golem    Hex/Summ       4%         N/A       52%         3
 Dispel Undead            Necr           4%         3d7       89%         4
 Silence                  Hex/Air        4%         N/A       96%         5
 Agony                    Necr           4%         N/A       99%         5
 Ozocubu's Refrigeration  Ice            6%         4d8       100%        7


Dungeon Overview and Level Annotations

Branches:
Dungeon (7/15)             Temple (1/1) D:7          Bailey (1/1)

Altars:
Ashenzari
Cheibriados
Elyvilon
Fedhas
Gozag
Hepliaklqana
Kikubaaqudgha
Makhleb
Nemelex Xobeh
Okawaru
Qazlal
Ru
Trog
Uskayaw
Vehumet
Xom
Yredelemnul

Shops:
D:3 *


Innate Abilities, Weirdness & Mutations

You have razor-sharp teeth.
Your natural rate of healing is unusually fast.
When hurt, damage is shared between your health and your magic reserves.
Your bite disrupts and absorbs the magic of your enemies.
Potions cannot restore your health.
You have large cloven feet.
You are frail. (-10% HP)


Message History

The orc warrior is almost dead.
The orc warrior hits you with a +0 spear!
Uskayaw will force your foes to share their pain.
Uskayaw links your audience in an emotional bond!
You hit the orc warrior but do no damage.
The orc warrior is almost dead.
You barely miss the orc warrior. Your kick misses the orc warrior.
The orc warrior is almost dead.
The orc warrior barely misses you.
Uskayaw links your audience in an emotional bond!
You hit the orc warrior but do no damage.
Lightning courses through the orc warrior!
You kill the orc warrior!
Your Air Magic skill increases to level 3!
An orc warrior comes into view. It is wielding a +0 glaive.
The orc splashes around in the water.
Things that are here:
a +0 spear; a +0 crystal plate armour The orc barely misses you.
Why would you want to do that?
The orc is no longer sharing its pain.
Things that are here:
a +0 spear; a +0 crystal plate armour
Casting: Vhi's Electric Charge (dangerous; 17% risk of failure)
Confirm with . or Enter, or press ? or * to list all spells.
Charge where?
Press: ? - help, Dir - move target, f - orc
Aim: an orc, wielding a +0 trident and wearing a +0 scale mail (lightly wounded, 86% to hit)
You charge forward with an electric crackle!
You puncture the orc and electrocute it!
You kill the orc!
The orc warrior hits you with a +0 glaive!
You hit the orc warrior but do no damage.
Your kick misses the orc warrior.
You hit the orc warrior but do no damage.
The orc warrior hits you with a +0 glaive!
You barely miss the orc warrior. Your kick misses the orc warrior.
Your bite misses the orc warrior.
The orc warrior hits you with a +0 glaive!!
You die...

##≈≈≈≈≈≈≈≈≈≈≈≈≈≈≈≈≈
##≈≈≈≈≈≈≈≈.......≈≈≈
#≈≈≈≈≈≈≈..≈≈≈.≈≈≈..≈
#≈≈≈≈≈..≈≈≈.....≈≈≈.
#≈≈≈≈.≈≈≈.........≈≈
#≈≈≈≈.≈...).≈~≈.....
#≈≈≈.≈≈.⌠..≈≈~≈≈..⌠.
#≈≈≈.≈.).).≈~≈~≈.....≈.≈≈
#≈≈.≈≈..@.≈≈~≈~≈≈....≈≈.≈
#≈≈.≈.°o..≈~≈≈≈~≈.....≈.≈
#≈≈)≈.....≈~≈)≈~≈.....≈.≈
#≈≈.≈)....≈~≈?≈~≈.....≈.≈
#≈≈.≈.....≈~≈:≈~≈.....≈.≈
#≈≈.≈.....≈~≈~≈~≈)....≈o≈
#≈≈)≈≈....≈≈~~~≈≈....≈≈.≈
#≈≈≈.≈.....≈≈≈≈≈.....≈.≈≈
#≈≈≈.≈≈.⌠..≈≈≈≈≈..⌠.≈≈.≈≈


You could see an orc warrior.

Vanquished Creatures
  Sigmund (D:3)
  A shadow (D:5)
  A steam dragon (D:7)
  A water moccasin (D:5)
  12 orc warriors
  4 black bears (D:6)
  2 ogres (D:6)
  6 centaurs (Bailey)
  5 phantoms
  A kobold brigand (D:5)
  3 necrophages
  2 scorpions (D:5)
  3 wights (D:7)
  A howler monkey (D:5)
  The ghost of Athor the Sneak, a weakling VSBr (D:3)
  3 jellies
  3 hounds
  A bullfrog zombie (D:3)
  A centaur skeleton (D:3)
  3 orc priests (D:5)
  A gnoll bouda (D:6)
  Jessica (D:3)
  2 iguanas
  5 orc wizards
  4 gnolls (D:6)
  7 adders
  A shadow imp (D:6)
  A white imp (D:7)
  4 worms
  3 dart slugs
  37 orcs
  4 ball pythons
  6 endoplasms
  4 giant cockroaches
  4 goblins
  10 hobgoblins
  6 jackals
  4 quokkas
  7 bats
  2 frilled lizards (D:1)
  6 kobolds
  8 rats
  A spectral orc (D:3)
183 creatures vanquished.

Vanquished Creatures (others)
  An orc (Bailey)
1 creature vanquished.

Grand Total: 184 creatures vanquished

Notes
Turn   | Place    | Note
-------+----------+-------------------------------------------
     0 | D:1      | Leeroy the Vine Stalker Warper began the quest for the Orb.
     0 | D:1      | Reached XP level 1. HP: 11/11 MP: 4/4
    42 | D:1      | Reached skill level 2 in Long Blades
   102 | D:1      | Reached XP level 2. HP: 15/15 MP: 6/6
   247 | D:1      | Learned a level 2 spell: Blink
   402 | D:1      | Reached skill level 3 in Long Blades
   461 | D:1      | Reached XP level 3. HP: 18/18 MP: 7/7
   781 | D:2      | Gained mutation: Your natural rate of healing is unusually
                  | fast. [Vine Stalker growth]
   781 | D:2      | Reached XP level 4. HP: 15/23 MP: 6/8
   797 | D:2      | Reached skill level 4 in Long Blades
  1495 | D:3      | Found a radiant altar of Vehumet.
  1502 | D:3      | Reached XP level 5. HP: 26/26 MP: 9/9
  1523 | D:3      | Noticed Sigmund
  1547 | D:4      | Found a blossoming altar of Fedhas.
  1593 | D:4      | Learned a level 3 spell: Vhi's Electric Charge
  1596 | D:4      | Learned a level 2 spell: Passwall
  2082 | D:4      | Found a hazy altar of Hepliaklqana.
  2132 | D:4      | Reached skill level 5 in Long Blades
  2345 | D:4      | Found a shimmering altar of Xom.
  2345 | D:4      | Found an iron altar of Okawaru.
  2593 | D:3      | Found Zagaloadui's Assorted Antiques.
  2703 | D:3      | Found a runed translucent gate.
  2703 | D:3      | Found a runed translucent gate.
  2704 | D:3      | Found a runed translucent gate.
  2705 | D:3      | Noticed Athor's ghost (weakling VSBr)
  2756 | D:3      | Bought a glowing short sword for 156 gold pieces
  3025 | D:3      | Found a basalt altar of Yredelemnul.
  3086 | D:5      | Entered Level 5 of the Dungeon
  3154 | D:5      | Reached skill level 1 in Stealth
  3217 | D:5      | Reached XP level 6. HP: 30/30 MP: 10/10
  3345 | D:5      | Found a large runed translucent door.
  3346 | D:5      | Found a large runed translucent door.
  3880 | D:3      | Killed Sigmund
  3881 | D:3      | Reached XP level 7. HP: 6/34 MP: 3/11
  4029 | D:3      | Noticed Jessica
  4036 | D:3      | Killed Jessica
  4148 | D:3      | Killed Athor's ghost
  4335 | D:5      | Reached skill level 6 in Long Blades
  4425 | D:5      | Found a large runed translucent door.
  4425 | D:5      | Found a large runed translucent door.
  4459 | D:5      | HP: 1/35 [worm (10)]
  4462 | D:5      | Gained mutation: You are frail. (-10% HP) [potion of
                  | mutation]
  4462 | D:5      | Gained mutation: You have large cloven feet. [potion of
                  | mutation]
  4516 | D:5      | Gained mutation: You have razor-sharp teeth. [Vine Stalker
                  | growth]
  4516 | D:5      | Reached XP level 8. HP: 36/36 MP: 8/12
  4606 | D:5      | Found a snail-covered altar of Cheibriados.
  4747 | D:5      | Learned a level 3 spell: Ozocubu's Armour
  5064 | D:5      | Reached skill level 5 in Spellcasting
  5064 | D:5      | Noticed a shadow
  5071 | D:5      | Killed a shadow
  5380 | D:6      | Reached XP level 9. HP: 40/40 MP: 19/19
  5582 | D:6      | Found a sacrificial altar of Ru.
  5619 | D:6      | Reached skill level 7 in Long Blades
  5804 | D:6      | Found a bloodstained altar of Trog.
  5820 | D:6      | Reached skill level 8 in Long Blades
  6216 | D:7      | Reached skill level 1 in Ice Magic
  6430 | D:7      | Found a staircase to the Ecumenical Temple.
  6440 | Temple   | Entered the Ecumenical Temple
  6447 | Temple   | Became a worshipper of Uskayaw the Reveller
  6474 | D:7      | Found a flagged portal.
  6483 | Bailey   | Entered a bailey
  6490 | Bailey   | Reached * piety under Uskayaw
  6493 | Bailey   | Reached ** piety under Uskayaw
  6666 | Bailey   | Reached XP level 10. HP: 27/45 MP: 10/20
  6931 | Bailey   | Learned a level 3 spell: Dazzling Flash
  7044 | Bailey   | Reached *** piety under Uskayaw
  7254 | Bailey   | Reached skill level 5 in Dodging
  7346 | Bailey   | Reached skill level 1 in Air Magic
  7481 | Bailey   | Reached **** piety under Uskayaw
  7498 | Bailey   | Slain by an orc warrior

Illustrated notes

Levels and vault maps discovered:
D:1:      dpeg_arrival_shelter, layout_basic
D:2:      cheibrodos_helix_gallery, layout_basic, serial_rivers,
          chequers_serial_rivers_micro_e, chequers_serial_rivers_micro_c,
          chequers_serial_rivers_small_a, chequers_serial_rivers_micro_a
D:3:      layout_basic, mainiacjoe_overflow_small_starburst,
          yredelemnul_forgotten_temple_becter, gammafunk_ghost_necromancy,
          serial_shops, shop, uniq_jessica, uniq_sigmund
D:4:      layout_basic, general_overflow_altar,
          gammafunk_temple_overflow_statue, fedhas_altar_1
D:5:      layout_rooms, lemuel_round_altar, minmay_hollow_rounded_squares
D:6:      layout_loops_ring, trog_ov_bears_minmay, nicolae_ru_path_of_blood,
          nicolae_concentric_dashed_squares_wild
D:7:      layout_loops_ring, nicolae_tso_carved_into_rock,
          chequers_temple_overflow_minitemple, minmay_temple_entry_wispy,
          enter_bailey_2, chequers_serial_rivers_large_a
Temple:   hellmonk_temple_two_chambers
Bailey:   bailey_polearm_flooded_kennysheep, bailey

Skill      XL: |  1  2  3  4  5  6  7  8  9 10 |
---------------+-------------------------------+-----
Long Blades    | 2 3 4 5 6 8 |  8.4
Stealth        | 2 6 |  6.1
Fighting       | 3 4 |  4.3
Spellcasting   | 6 |  6.4
Dodging        | 3 5 |  5.2
Ice Magic      | 3 |  3.3
Air Magic      | 3 |  3.2
Throwing       | |  0.8
Armour         | |  0.7
Translocations | |  3.0

Action                     |  1- 3 |  4- 6 |  7- 9 | 10-12 || total
---------------------------+-------+-------+-------+-------++-------
  Melee: Falchion          |    73 |   115 |    17 |    23 ||   228
         Bite              |    21 |    41 |    93 |    24 ||   179
         Punch             |       |     3 |     4 |     4 ||    11
         Short sword       |       |    71 |   248 |    55 ||   374
         Kick              |       |       |    68 |    26 ||    94
         Dagger            |       |       |       |     4 ||     4
  Throw: Boomerang         |       |     2 |       |     1 ||     3
         Dart              |       |     4 |       |       ||     4
   Cast: Vhi's Electric Ch |       |     1 |     1 |     7 ||     9
         Blink             |       |       |     2 |       ||     2
  Evoke: Wand              |       |       |       |    13 ||    13
    Use: Scroll            |       |       |    10 |     2 ||    12
         Potion            |       |       |     1 |       ||     1
   Stab: Sleeping          |     1 |     1 |    11 |       ||    13
         Paralysed         |       |       |       |     1 ||     1
 Armour: Leather armour    |    29 |    50 |    46 |    15 ||   140
  Dodge: Dodged            |    38 |   124 |   125 |    91 ||   378

Table legend: (Time is in decaauts)
 A = Elapsed time spent in this place.
 B = Non-inter-level travel time spent in this place.
 C = Inter-level travel time spent in this place.
 D = Time resting spent in this place.
 E = Time spent auto-exploring this place.
 F = Levels seen in this place.
 G = Mean time per level.
                   A        B        C        D        E       F      G
               +--------+--------+--------+--------+--------+-----+--------+
         Total |   7450 |   6976 |    474 |    919 |   4185 |   9 |  827.8 |
       Dungeon |   6439 |   5965 |    474 |    750 |   3915 |   7 |  919.9 |
        Temple |     22 |     22 |      0 |      0 |      0 |   1 |   22.0 |
        Bailey |    988 |    988 |      0 |    169 |    270 |   1 |  988.0 |
               +--------+--------+--------+--------+--------+-----+--------+

Top non-repeatable levels by time:
     D:4: 1604 daAuts
     D:5: 1302 daAuts
  Bailey: 988 daAuts
     D:3: 935 daAuts
     D:6: 849 daAuts
     D:1: 771 daAuts
     D:2: 719 daAuts
     D:7: 255 daAuts
  Temple: 22 daAuts
